 Dungeon Crawl Stone Soup version 0.28-a0-1002-gf00fe891ef (webtiles) character file.

Game seed: 6464649459411281227

155 ytrimaz the Skirmisher (level 5, 42/42 HPs)
             Began as a Demonspawn Berserker on Dec 7, 2021.
             Was a Believer of Trog.
             Quit the game on level 3 of the Dungeon.
             The game lasted 00:03:24 (3991 turns).

ytrimaz the Skirmisher (Demonspawn Berserker)       Turns: 3991, Time: 00:03:24

Health: 42/42      AC:  7    Str: 19    XL:     5   Next: 14%
Magic:  5/5        EV: 11    Int: 13    God:    Trog [**....]
Gold:   116        SH:  0    Dex: 13    Spells: 4/4 levels left

rFire   . . .      SeeInvis .     - Unarmed
rCold   . . .      Faith    .   (no shield)
rNeg    + . .      Spirit   .   h - +1 ring mail
rPois   .          Reflect  .   j - +0 helmet {Int+3}
rElec   .          Harm     .   (no cloak)
rCorr   .          Rampage  .   (no gloves)
Will    .....                   (no boots)
Stlth   +.........              (no amulet)
HPRegen 0.14/turn               g - ring of positive energy
MPRegen 0.09/turn               (no ring)

@: very slow
A: claws 1, big brain 1
a: Renounce Religion, Berserk, Trog's Hand


You were on level 3 of the Dungeon.
You worshipped Trog.
Trog was pleased with you.
You visited 1 branch of the dungeon, and saw 3 of its levels.

You collected 116 gold pieces.

Inventory:

Armour
 h - a +1 ring mail (worn)
 j - a +0 helmet of intelligence (worn)
Jewellery
 g - a ring of positive energy (left claw)
Scrolls
 c - a scroll of identify
 d - 2 scrolls of teleportation
Potions
 a - a potion of attraction {unknown}
 b - a potion of berserk rage {unknown}
 e - 5 potions of might
 f - a potion of mutation {unknown}
 l - a potion of heal wounds


   Skills:
 + Level 3.8 Fighting
 - Level 2.9 Axes
 + Level 1.9 Armour
 + Level 2.6 Dodging
 * Level 3.0 Unarmed Combat


You had 4 spell levels left.
You didn't know any spells.
Your spell library was empty.

Dungeon Overview and Level Annotations

Branches:
Dungeon (3/15)

Altars:
Wu Jian


Innate Abilities, Weirdness & Mutations

You have sharp fingernails.
You have an unusually large brain. (Int +2)


Message History

You feel a strong urge to attack something.
You are no longer berserk.
You are exhausted.
You feel yourself slow down.
There is an open door here.
You see here a +0 short sword.
You see here a rat corpse.
You see here a +0 short sword.
There is an open door here.
Items here: ( )) [[.
Things that are here:
a +0 dagger of venom; a +0 leather armour
Items here: ( )) [[.
There is an open door here.
You feel yourself speed up.
You see here a +0 short sword.
You see here a rat corpse.
You enter the shallow water.
Moving in this stuff is going to be slow.
You recover from your berserk rage.
You see here 14 sling bullets.
Key pressed, stopping explore.
Found a ring mail.
You see here a +0 ring mail.
You see here a +0 ring mail.
You see here a +0 ring mail.
You enter the shallow water.
Moving in this stuff is going to be slow.
You see here a +0 dagger of venom.
Key pressed, stopping explore.
There is an open door here.
You see here a +0 ring mail.
There is a stone staircase leading up here.
You enter the shallow water.
Moving in this stuff is going to be slow.
Done exploring.
Done exploring.
Done exploring.
Done exploring.
Are you sure you want to abandon this character and quit the game? (Confirm with "yes".)

≈P.≈P♣..†.# #.#.........##.#.
≈P.≈P≈♣##)### #.#..............
P≈.≈≈≈≈.....# #.#..........##..
P≈.P≈≈≈.....# #.#..........##.>
P≈.≈≈≈♣.....# #.####.........#.
♣≈.≈≈≈P##'### #.# #.........#.
♣≈.≈≈≈..)))# ##.####.........#.
♣≈.≈≈♣.....# #♣........####.###.
♣≈.≈P♣.....###♣≈@.........##.# #.
≈≈.≈≈P♣....≈♣≈≈≈≈♣........##.# #.
≈≈.≈≈P♣≈..≈♣≈≈≈≈≈≈♣.......##.# #.
P≈.≈≈≈♣♣≈≈♣♣≈≈≈≈≈≈♣####...##.# #.
≈≈.≈≈≈♣♣♣♣♣♣≈≈P≈≈≈♣# #.).##.# #.
♣≈.≈P≈≈♣♣♣≈≈≈≈≈≈P≈≈# #...##.# #.
♣≈.≈P≈P≈≈≈≈≈≈≈≈≈≈≈≈## #...##.###.
.♣.≈≈≈≈≈≈≈≈≈≈≈≈≈≈≈..#######......
.......................# #..####


There were no monsters in sight!

Vanquished Creatures
  An orc priest (D:3)
  4 gnolls (D:2)
  An adder (D:3)
  2 worms (D:2)
  A dart slug (D:1)
  5 orcs (D:3)
  4 ball pythons
  6 endoplasms
  2 giant cockroaches
  6 goblins
  6 hobgoblins
  2 jackals (D:2)
  3 quokkas
  7 bats
  4 frilled lizards
  3 kobolds
  9 rats
66 creatures vanquished.

Vanquished Creatures (others)
  2 plants (D:3)
2 creatures vanquished.

Grand Total: 68 creatures vanquished

Notes
Turn   | Place    | Note
-------+----------+-------------------------------------------
     0 | D:1      | ytrimaz the Demonspawn Berserker began the quest for the
                  | Orb.
     0 | D:1      | Reached XP level 1. HP: 18/18 MP: 1/1
   315 | D:1      | Gained mutation: You have sharp fingernails. [demonic
                  | ancestry]
   315 | D:1      | Reached XP level 2. HP: 17/24 MP: 2/2
  1315 | D:2      | Found a faded altar of an unknown god.
  1540 | D:2      | Reached XP level 3. HP: 29/29 MP: 3/3
  1552 | D:2      | Reached skill level 1 in Unarmed Combat
  2002 | D:2      | Reached XP level 4. HP: 14/37 MP: 4/4
  3114 | D:3      | Reached ** piety under Trog
  3507 | D:3      | Found an ornate altar of the Wu Jian Council.
  3580 | D:3      | Gained mutation: You have an unusually large brain. (Int
                  | +2) [demonic ancestry]
  3580 | D:3      | Reached XP level 5. HP: 42/42 MP: 5/5
  3991 | D:3      | Quit the game

Illustrated notes

Levels and vault maps discovered:
D:1:      zelgadis_glass_arrival_small, layout_basic
D:2:      layout_basic, basic_ecumenical_altar, minmay_vboxes
D:3:      layout_basic, nzn_wu_jian_contemplation, nrook_loot_triangle,
          serial_bayou_lagoon_b

Skill      XL: |  1  2  3  4  5 |
---------------+----------------+-----
Dodging        | 2 |  2.6
Unarmed Combat | 2 3 |  3.0
Fighting       | |  3.8
Axes           | |  2.9
Armour         | |  1.9

Action                   |  1- 3 |  4- 6 || total
-------------------------+-------+-------++-------
Melee: Hand axe          |    20 |       ||    20
       Unarmed           |   144 |    82 ||   226
       Punch             |     1 |       ||     1
Invok: Berserk           |     2 |     1 ||     3
  Use: Scroll            |     2 |     5 ||     7
       Potion            |     1 |       ||     1
Armor: Animal skin       |    25 |     6 ||    31
       Ring mail         |       |    25 ||    25
Dodge: Dodged            |   133 |    54 ||   187

Table legend: (Time is in decaauts)
 A = Elapsed time spent in this place.
 B = Non-inter-level travel time spent in this place.
 C = Inter-level travel time spent in this place.
 D = Time resting spent in this place.
 E = Time spent auto-exploring this place.
 F = Levels seen in this place.
 G = Mean time per level.
                   A        B        C        D        E       F      G
               +--------+--------+--------+--------+--------+-----+--------+
         Total |   4030 |   4010 |     20 |    437 |   2964 |   3 | 1343.3 |
       Dungeon |   4030 |   4010 |     20 |    437 |   2964 |   3 | 1343.3 |
               +--------+--------+--------+--------+--------+-----+--------+

Top non-repeatable levels by time:
     D:2: 1411 daAuts
     D:3: 1330 daAuts
     D:1: 1287 daAuts
